 Dungeon Crawl Stone Soup version 0.31-a0-1576-ga3383bade6 (webtiles) character file.

Game seed: 18417772636936934262

16556 tilp the Carver (level 12, -1/88 HPs)
             Began as a Vampire Enchanter on Jan 4, 2024.
             Was an Elder of Wu Jian.
             Slain by a death yak (22 damage)
             ... in an ice cave.
             The game lasted 00:24:59 (12581 turns).

tilp the Carver (Vampire Enchanter)                Turns: 12581, Time: 00:25:00

Health: -1/88      AC: 12    Str:  7    XL:     12   Next: 11%
Magic:  28/28      EV: 13    Int: 23    God:    Wu Jian [****..]
Gold:   652        SH:  4    Dex: 14    Spells: 5/21 levels left

rFire   . . .        b - +2 scimitar (flame)
rCold   + . .        e - +0 buckler
rNeg    . . .        D - +0 steam dragon scales
rPois   .            (no helmet)
rElec   .            i - +2 cloak
rCorr   .            f - +2 pair of gloves
SInv    +            (no boots)
Will    +....        H - amulet of magic regeneration
Stlth   ++++         u - ring of magical power
HPRegen 0.54/turn    G - ring of protection from cold
MPRegen 0.61/turn

%: no passive effects
@: confusing by touch, attractive, healing quickly
A: alive, fangs 3, see invisible, vampiric 2
a: Exsanguinate, Renounce Religion, Wall Jump, Serpent's Lash


You were in an ice cave.
You worshipped Wu Jian.
Wu Jian was greatly pleased with you.
You visited 2 branches of the dungeon, and saw 13 of its levels.
You also visited: Ice Cave.

You collected 652 gold pieces.

Inventory:

Hand Weapons
 a - a +2 dagger
 b - a +2 scimitar of flaming (weapon)
 p - a +2 antimagic dagger
Missiles
 g - 6 atropa-tipped darts
 m - 4 boomerangs
 s - 18 poisoned darts (quivered)
Armour
 e - a +0 buckler (worn)
 f - a +2 pair of gloves (worn)
 i - a +2 cloak (worn)
 n - the +1 pair of gloves "Duekh" {-Tele Will+ Regen+}
   (You found it on level 3 of the Dungeon)

   Will+:     It increases your willpower.
   -Tele:     It prevents most forms of teleportation.
   Regen+:    It increases your rate of health regeneration.
 C - a +2 ring mail of fire resistance
 D - +0 steam dragon scales (worn)
Jewellery
 u - a ring of magical power (left hand)
 A - a +6 ring of intelligence
 G - a ring of protection from cold (right hand)
 H - an amulet of magic regeneration (around neck)
 I - a +6 ring of strength
Wands
 v - a wand of charming (4)
Scrolls
 h - a scroll of amnesia
 t - a scroll of fog
 w - 5 scrolls of teleportation
 y - 4 scrolls of enchant armour
 E - a scroll of revelation
Potions
 d - a potion of degeneration {unknown}
 j - 2 potions of attraction
 k - 8 potions of curing
 l - a potion of might {unknown}
 o - 4 potions of enlightenment
 q - 5 potions of mutation
 r - 3 potions of haste {unknown}
 x - 2 potions of heal wounds {unknown}
 z - a potion of magic {unknown}
Miscellaneous
 B - a phial of floods
 F - a sack of spiders (inert)


   Skills:
 - Level 6.0 Fighting
 - Level 3.7(10.2) Short Blades
 * Level 13.4(13.6) Long Blades
 - Level 3.5 Armour
 - Level 6.0 Dodging
 - Level 10.0 Stealth
 - Level 2.0 Shields
 - Level 5.0 Spellcasting
 - Level 8.0 Hexes
 - Level 2.0 Ice Magic
 - Level 2.0 Alchemy
 - Level 4.0 Evocations


You had 5 spell levels left.
You knew the following spells:

 Your Spells              Type           Power      Damage    Failure   Level
a - Ensorcelled Hibernat  Hex/Ice        56%        N/A       3%          2
b - Confusing Touch       Hex            42%        N/A       1%          3
c - Tukima's Dance        Hex            42%        N/A       1%          3
d - Dazzling Flash        Conj/Hex       48%        N/A       9%          3
e - Yara's Violent Unrav  Hex/Alch       14%        3d7       47%         5

Your spell library contained the following spells:

 Spells                   Type           Power      Damage    Failure   Level
 Static Discharge         Conj/Air       10%        3-4/arc   22%         2
 Mephitic Cloud           Conj/Alch/Air  8%         N/A       34%         3
 Volatile Blastmotes      Fire/Tloc      10%        2d10      41%         3
 Silence                  Hex/Air        12%        N/A       63%         5
 Fulminant Prism          Conj/Alch      5%         3d7       69%         4
 Airstrike                Air            2%         2d(1-17)  83%         4
 Iskenderun's Mystic Bla  Conj/Tloc      5%         2d3       83%         4
 Passage of Golubria      Tloc           5%         N/A       83%         4
 Summon Lightning Spire   Summ/Air       5%         N/A       83%         4
 Curse of Agony           Necr           5%         N/A       99%         5
 Starburst                Conj/Fire      2%         6d3       100%        6
 Maxwell's Capacitive Co  Air            2%         ∞         100%        8


Dungeon Overview and Level Annotations

Branches:
Dungeon (12/15)            Temple (1/1) D:5            Lair (0/5) D:11
    Orc (0/2) D:10          IceCv (1/1)

Altars:
Ashenzari
Cheibriados
Dithmenos
Fedhas
Gozag
Hepliaklqana
Kikubaaqudgha
Makhleb
Nemelex Xobeh
Okawaru
Qazlal
Ru
Sif Muna
Trog
Uskayaw
Vehumet
Wu Jian
Xom
Yredelemnul

Shops:
D:6 :   D:8 :

Annotations:
D:2 dig vault
D:11 exclusion: fire dragon


Innate Abilities, Weirdness & Mutations

Your natural rate of healing is accelerated.
You have razor-sharp teeth.
You have supernaturally acute eyesight. (SInv)
You are afflicted with vampirism and can become a bat while bloodless.


Message History

The yak gores you but does no damage. The death yak gores you!
You barely miss the death yak.
The death yak is lightly wounded.
The death yak gores you!! The yak barely misses you.
You hit the death yak but do no damage. You bite the death yak.
The death yak is lightly wounded.
You hit the death yak but do no damage.
The death yak is lightly wounded.
The death yak gores you but does no damage.
The yak gores you but does no damage.
You barely miss the death yak.
The death yak is lightly wounded.
The death yak gores you.
* * * LOW HITPOINT WARNING * * *
The yak gores you but does no damage.
You hit the death yak but do no damage.
You bite the death yak, but do no damage.
The death yak is lightly wounded.
The yak completely misses you. The death yak completely misses you.
You hit the death yak but do no damage.
The death yak is lightly wounded.
The death yak gores you!
* * * LOW HITPOINT WARNING * * *
The yak barely misses you.
You hit the death yak but do no damage. Your bite misses the death yak.
The death yak is lightly wounded.
The yak gores you!
* * * LOW HITPOINT WARNING * * *
The death yak gores you.
* * * LOW HITPOINT WARNING * * *
You hit the death yak but do no damage.
The death yak is lightly wounded.
Unknown command.
You feel better. The death yak closely misses you. The yak gores you.
* * * LOW HITPOINT WARNING * * *
Unknown command.
It was a potion of attraction.
You feel attractive to monsters. The death yak gores you!!
You die...

##...##
##.## ##
#...##
#..####.
#...##
##.÷#..#
##...#
###.#..
##...##
#.#.#.
##.....##
#..#.#
#...∩...#
##....
#...YY..#
#####
##..@..##
##...##
#####


You could see a death yak and a yak.

Vanquished Creatures
  2 two-headed ogres
  2 death yaks (IceCv)
  Pikel (D:7)
  An ugly thing (IceCv)
  A cyclops (D:11)
  An ice statue (IceCv)
  An efreet (D:10)
  3 rime drakes (IceCv)
  2 polar bears (IceCv)
  A troll (D:11)
  2 hornets
  Prince Ribbit (D:7)
  3 shadows
  Sigmund (D:3)
  2 wraiths
  A wyvern (D:8)
  21 yaks
  A steam dragon (D:8)
  3 acid dragons (D:10)
  A water moccasin (D:8)
  7 orc warriors
  A black bear (D:7)
  3 wolves (IceCv)
  2 centaurs
  A phantom (D:7)
  A lemure (D:7)
  A brain worm (D:4)
  2 kobold brigands
  2 bullfrogs
  2 gnoll sergeants
  5 wights
  10 killer bees (D:10)
  3 electric eels (D:10)
  7 howler monkeys
  A bombardier beetle (D:6)
  5 orc priests
  3 hounds
  A gnoll bouda (D:7)
  A sleepcap (D:6)
  Jessica (D:2)
  4 iguanas
  11 orc wizards
  5 adders
  15 gnolls
  A shadow imp (D:7)
  13 white imps
  2 dart slugs
  A ribbon worm (D:5)
  38 orcs
  7 endoplasms
  4 giant cockroaches
  9 hobgoblins
  4 jackals
  A quokka (D:2)
  7 ball pythons
  10 bats
  3 frilled lizards
  12 goblins
  15 kobolds
  5 rats
277 creatures vanquished.

Vanquished Creatures (collateral kills)
  3 death yaks (IceCv)
  A polar bear (IceCv)
  2 wights
  An orc priest (D:10)
  An orc wizard (D:6)
  3 gnolls
11 creatures vanquished.

Vanquished Creatures (others)
  A yak (IceCv)
  3 dancing weapons
  A water moccasin (D:6)
  An orc wizard (D:10)
6 creatures vanquished.

Grand Total: 294 creatures vanquished

Notes
Turn   | Place    | Note
-------+----------+-------------------------------------------
     0 | D:1      | tilp the Vampire Enchanter began the quest for the Orb.
     0 | D:1      | Reached XP level 1. HP: 13/13 MP: 3/3
   175 | D:1      | Reached XP level 2. HP: 18/20 MP: 5/5
   185 | D:1      | Learned a level 2 spell: Ensorcelled Hibernation
   589 | D:1      | Reached skill level 1 in Long Blades
   899 | D:2      | Gained mutation: You are afflicted with vampirism and can
                  | become a bat while bloodless. [Vampire growth]
   899 | D:2      | Reached XP level 3. HP: 21/25 MP: 6/6
   914 | D:2      | Reached skill level 1 in Fighting
  1004 | D:2      | Noticed Jessica
  1023 | D:2      | Killed Jessica
  1076 | D:2      | Learned a level 3 spell: Confusing Touch
  1108 | D:2      | Reached XP level 4. HP: 30/32 MP: 4/7
  1938 | D:3      | Noticed Sigmund
  1951 | D:3      | Killed Sigmund
  1952 | D:3      | Reached skill level 2 in Long Blades
  1952 | D:3      | Reached skill level 5 in Stealth
  1952 | D:3      | Reached skill level 1 in Shields
  1952 | D:3      | Reached skill level 5 in Hexes
  1952 | D:3      | Reached skill level 1 in Ice Magic
  1952 | D:3      | Reached XP level 5. HP: 38/38 MP: 3/8
  1952 | D:3      | Reached XP level 6. HP: 44/44 MP: 3/9
  2230 | D:3      | Identified the +3 war axe "Omife" {elec, Will+ Str+3}
  2248 | D:3      | Learned a level 3 spell: Tukima's Dance
  2491 | D:3      | Found a faded altar of an unknown god.
  2589 | D:3      | Identified the +1 pair of gloves "Duekh" {-Tele Will+
                  | Regen+}
  3424 | D:4      | Found a bloodstained altar of Trog.
  3936 | D:5      | Entered Level 5 of the Dungeon
  3967 | D:5      | Reached XP level 7. HP: 51/51 MP: 9/11
  3969 | D:5      | Reached skill level 3 in Long Blades
  4222 | D:5      | Found a staircase to the Ecumenical Temple.
  4242 | Temple   | Entered the Ecumenical Temple
  4257 | Temple   | Became a worshipper of the Wu Jian Council
  4864 | D:5      | Learned a level 3 spell: Dazzling Flash
  5058 | D:6      | Reached XP level 8. HP: 58/58 MP: 5/12
  5127 | D:6      | Reached skill level 4 in Long Blades
  5155 | D:6      | Reached skill level 1 in Evocations
  5277 | D:6      | Found Tiekesko's Self-Improvement Boutique.
  5307 | D:6      | Reached * piety under Wu Jian
  5583 | D:6      | Found a burning altar of Makhleb.
  5816 | D:7      | Found a hide-covered altar of Uskayaw.
  6236 | D:7      | Noticed Prince Ribbit
  6241 | D:7      | Killed Prince Ribbit
  6329 | D:7      | Reached skill level 5 in Long Blades
  6331 | D:7      | Reached XP level 9. HP: 50/66 MP: 14/14
  6621 | D:7      | Noticed Pikel
  6641 | D:7      | Killed Pikel
  6642 | D:7      | Reached skill level 5 in Fighting
  7083 | D:8      | Reached skill level 5 in Dodging
  7096 | D:8      | Reached skill level 6 in Long Blades
  7308 | D:8      | Found Yci Ruel's Book Boutique.
  7436 | D:8      | Reached ** piety under Wu Jian
  7767 | D:8      | Reached XP level 10. HP: 66/76 MP: 16/16
  8173 | D:9      | Reached skill level 7 in Long Blades
  8317 | D:9      | Found a sparkling altar of Nemelex Xobeh.
  8438 | D:9      | Learned a level 5 spell: Yara's Violent Unravelling
  8556 | D:9      | Reached skill level 1 in Armour
  8560 | D:9      | Reached skill level 1 in Alchemy
  8563 | D:9      | Reached skill level 5 in Spellcasting
  8823 | D:10     | Entered Level 10 of the Dungeon
  8984 | D:10     | Reached skill level 8 in Long Blades
  9077 | D:10     | Reached skill level 10 in Stealth
  9211 | D:10     | Noticed a two-headed ogre
  9214 | D:10     | Found a blossoming altar of Fedhas.
  9226 | D:10     | Killed a two-headed ogre
  9468 | D:10     | Reached skill level 9 in Long Blades
  9488 | D:10     | Reached XP level 11. HP: 71/81 MP: 9/18
  9488 | D:10     | Reached *** piety under Wu Jian
  9640 | D:10     | Found an iron altar of Okawaru.
  9641 | D:10     | Found a snail-covered altar of Cheibriados.
 10153 | D:10     | Found a staircase to the Orcish Mines.
 10669 | D:11     | Reached skill level 10 in Long Blades
 10779 | D:11     | Found a staircase to the Lair.
 10846 | D:11     | Noticed a fire dragon
 10981 | D:11     | Noticed a two-headed ogre
 10983 | D:11     | Killed a two-headed ogre
 11236 | D:12     | Found a frozen archway.
 11271 | D:12     | Reached **** piety under Wu Jian
 11292 | IceCv    | Entered an ice cave
 11340 | IceCv    | Reached skill level 11 in Long Blades
 11344 | IceCv    | Noticed a death yak
 11349 | IceCv    | Noticed a death yak
 11359 | IceCv    | Killed a death yak
 11368 | IceCv    | Killed a death yak
 11383 | IceCv    | Reached skill level 12 in Long Blades
 11646 | IceCv    | Noticed a death yak
 11646 | IceCv    | Noticed a white ugly thing
 11658 | IceCv    | Noticed a death yak
 11664 | IceCv    | Killed a death yak
 11685 | IceCv    | Killed a death yak
 11718 | IceCv    | Killed a white ugly thing
 12115 | IceCv    | Noticed a death yak
 12152 | IceCv    | Killed a death yak
 12153 | IceCv    | Reached skill level 13 in Long Blades
 12153 | IceCv    | Reached XP level 12. HP: 57/88 MP: 19/19
 12341 | IceCv    | Noticed a death yak
 12581 | IceCv    | Slain by a death yak

Illustrated notes

Levels and vault maps discovered:
D:1:      dpeg_arrival_shrine, layout_loops_cross
D:2:      layout_loops_ring, due_unseen_surprise, uniq_jessica
D:3:      layout_loops_ring, mainiacjoe_overflow_alcove_4,
          basic_ecumenical_altar, nicolae_titane, uniq_sigmund
D:4:      layout_basic, trog_antimagical
D:5:      layout_loops_ring, minmay_temple_entry_wispy
D:6:      layout_loops_cross, makhleb_heckhound_becter, nicolae_shop_self_help
D:7:      layout_loops_cross, mainiacjoe_overflow_chevrons, uniq_prince_ribbit1,
          uniq_pikel
D:8:      layout_basic, serial_shops, nicolae_shop_real_fake_doors
D:9:      layout_basic, nemelex_xobeh_ov_fountains_minmay, elyvilon_altar_5
D:10:     layout_loops_corners, marbit_many_paths,
          gammafunk_temple_overflow_statue, erik_orc_2,
          small_chamber_with_monster, kennysheep_generic_room_3
D:11:     dragon1_lemuel, layout_long_grid, dpeg_oklobed_lair
D:12:     minmay_isolated_rectangles_in_corner, layout_gridville, serial_shops,
          shop_fountains, portal_ice_cave_entry_imps, gammafunk_ghost_split
Temple:   hellmonk_temple_forest_ring
IceCv:    ice_cave_small_giant

Skill      XL: |  1  2  3  4  5  6  7  8  9 10 11 |
---------------+----------------------------------+-----
Long Blades    | 1 2 3 5 6 9 13 | 13.4
Fighting       | 1 2 3 4 6 |  6.0
Short Blades   | 2 3 |  3.7
Stealth        | 5 6 7 8 10 | 10.0
Shields        | 1 2 |  2.0
Hexes          | 5 6 8 |  8.0
Ice Magic      | 1 2 |  2.0
Dodging        | 3 4 5 6 |  6.0
Spellcasting   | 3 4 5 |  5.0
Evocations     | 2 4 |  4.0
Armour         | 3 |  3.5
Alchemy        | 2 |  2.0

Action                     |  1- 3 |  4- 6 |  7- 9 | 10-12 || total
---------------------------+-------+-------+-------+-------++-------
  Melee: Dagger            |    93 |   202 |   262 |   283 ||   840
         Bite              |     8 |    21 |    28 |    52 ||   109
         Scimitar          |       |       |       |    88 ||    88
  Throw: Dart              |       |       |       |     5 ||     5
   Cast: Ensorcelled Hiber |     4 |    21 |    78 |    71 ||   174
         Confusing Touch   |       |     3 |     6 |    24 ||    33
         Tukima's Dance    |       |     2 |     8 |     4 ||    14
         Dazzling Flash    |       |       |       |     3 ||     3
Ability: Lunge             |       |       |    31 |    28 ||    59
         Whirlwind         |       |       |     4 |     7 ||    11
  Evoke: Wand              |       |       |     1 |     3 ||     4
         Sack of spiders   |       |       |       |     2 ||     2
    Use: Scroll            |     3 |     2 |     3 |     6 ||    14
         Potion            |     1 |       |       |     5 ||     6
   Stab: Sleeping          |     7 |    21 |    55 |    63 ||   146
         Invisible         |     1 |       |       |     3 ||     4
         Confused          |       |     2 |     5 |    20 ||    27
         Distracted        |       |       |     3 |       ||     3
 Armour: Robe              |    50 |    90 |   117 |       ||   257
         Steam dragon scal |       |       |       |   183 ||   183
  Dodge: Dodged            |    50 |    90 |   111 |   157 ||   408
  Block: Buckler           |     4 |    36 |    32 |    53 ||   125

Table legend: (Time is in decaauts)
 A = Elapsed time spent in this place.
 B = Non-inter-level travel time spent in this place.
 C = Inter-level travel time spent in this place.
 D = Time resting spent in this place.
 E = Time spent auto-exploring this place.
 F = Levels seen in this place.
 G = Mean time per level.
                   A        B        C        D        E       F      G
               +--------+--------+--------+--------+--------+-----+--------+
         Total |  12496 |  11928 |    568 |   1456 |   7913 |  14 |  892.6 |
       Dungeon |  11202 |  10663 |    539 |    698 |   7728 |  12 |  933.5 |
        Temple |     30 |      1 |     29 |      0 |      0 |   1 |   30.0 |
      Ice Cave |   1263 |   1263 |      0 |    758 |    185 |   1 | 1263.0 |
               +--------+--------+--------+--------+--------+-----+--------+

Top non-repeatable levels by time:
    D:10: 1776 daAuts
     D:3: 1266 daAuts
   IceCv: 1263 daAuts
     D:7: 1204 daAuts
     D:8: 1008 daAuts
     D:2: 934 daAuts
     D:5: 916 daAuts
     D:9: 897 daAuts
     D:4: 888 daAuts
     D:1: 834 daAuts
     D:6: 819 daAuts
    D:11: 602 daAuts
    D:12: 52 daAuts
  Temple: 30 daAuts
